 Dungeon Crawl Stone Soup version 0.30-a0-365-ge7f957f1db (webtiles) character file.

Game seed: 11847219573268750847

793 koil the Ruffian (level 7, 0/65 (70) HPs)
             Began as a Troll Berserker on Nov 18, 2022.
             Was a Priest of Trog.
             Slain by a gnoll
             ... wielding a +0 whip
              (1 damage)
             ... on level 5 of the Dungeon.
             The game lasted 00:07:22 (2825 turns).

koil the Ruffian (Troll Berserker)                  Turns: 2825, Time: 00:07:23

HP:   0/65 (70)     AC:  7    Str: 28    XL:     7   Next: 57%
MP:   6/6           EV: 10    Int:  3    God:    Trog [***...]
Gold: 184           SH:  0    Dex:  9    Spells: 6/6 levels left

rFire   + . .      SeeInvis .      - Unarmed
rCold   + . .      Faith    .    (no shield)
rNeg    . . .      Spirit   .    j - +1 robe {Archmagi}
rPois   +          Reflect  .    p - +2 hat
rElec   +          Harm     .    (no cloak)
rCorr   +          Rampage  .    (gloves unavailable)
Will    .....      Archmagi +    (boots unavailable)
Stlth   +.........               (no amulet)
HPRegen 1.10/turn                (no ring)
MPRegen 0.10/turn                (no ring)

@: resistant, on berserk cooldown, slowed, drained, very slow
A: large, unfitting armour, claws 3, regeneration 1, shaggy fur 1, tough skin 1
a: Renounce Religion, Berserk, Trog's Hand


You were on level 5 of the Dungeon.
You worshipped Trog.
Trog was most pleased with you.
You visited 1 branch of the dungeon, and saw 5 of its levels.

You collected 184 gold pieces.

Inventory:

Missiles
 x - 6 poisoned darts (quivered)
Armour
 a - a +0 animal skin
 j - a +1 robe of the Archmagi (worn)
 p - a +2 hat (worn)
 t - an orb of guile
Jewellery
 k - an amulet of faith
 n - a ring of ice
Wands
 m - a wand of flame (23)
 u - a wand of polymorph (5)
Scrolls
 b - a scroll of fog {unknown}
 e - a scroll of magic mapping {unknown}
 f - 4 scrolls of vulnerability {unknown}
 i - a scroll of immolation {unknown}
 l - 3 scrolls of teleportation {unknown}
 q - 2 scrolls of noise {unknown}
 r - 2 scrolls of amnesia {unknown}
 v - a scroll of enchant weapon {unknown}
 y - a scroll of summoning {unknown}
 z - a scroll of poison {unknown}
Potions
 d - a potion of curing {unknown}
 g - 3 potions of heal wounds {unknown}
 h - a potion of mutation {unknown}
 o - a potion of invisibility {unknown}
 s - 2 potions of cancellation {unknown}
 w - 2 potions of degeneration {unknown}


   Skills:
 + Level 4.3 Fighting
 + Level 3.2 Armour
 + Level 4.2 Dodging
 + Level 5.1 Unarmed Combat


You had 6 spell levels left.
You didn't know any spells.
Your spell library was empty.

Dungeon Overview and Level Annotations

Branches:
Dungeon (5/15)
 Temple: D:4-7

Altars:
Sif Muna
Trog

Shops:
D:1 (   D:4 =

Annotations:
D:5 Eustachio


Innate Abilities, Weirdness & Mutations

You are too large for most types of armour.
You have claws for hands.
Your natural rate of healing is unusually fast.
You are covered in fur. (AC +1)
You have tough skin. (AC +1)


Message History

The quokka bites you.
* * * LOW HITPOINT WARNING * * *
You mangle the gnoll!!
You kill the gnoll!
Trog accepts your kill.
The quokka bites you but does no damage.
The necrophage closely misses you.
You scratch the gnoll but do no damage.
The quokka bites you but does no damage.
The gnoll closely misses you. The necrophage barely misses you.
The quokka bites you but does no damage.
The gnoll completely misses you. The necrophage barely misses you.
Unknown command.
You barely miss the gnoll.
The quokka bites you but does no damage.
The gnoll hits you but does no damage.
The necrophage hits you but does no damage.
The quokka bites you.
* * * LOW HITPOINT WARNING * * *
You barely miss the gnoll.
The quokka bites you but does no damage.
The gnoll hits you with a +0 whip!
* * * LOW HITPOINT WARNING * * *
The necrophage hits you.
* * * LOW HITPOINT WARNING * * *
You feel drained.
* * * LOW HITPOINT WARNING * * *
The gnoll hits you with a +0 whip.
* * * LOW HITPOINT WARNING * * *
The necrophage hits you.
* * * LOW HITPOINT WARNING * * *
You feel drained.
The quokka bites you but does no damage.
It was a potion of resistance.
You feel protected.
The iron imp disappears in a puff of smoke!
The quokka bites you.
* * * LOW HITPOINT WARNING * * *
The gnoll hits you with a +0 whip.
You die...

#.###.###.#...
#<............
#.............
##.###########
#.# # #.####...
###..###........
@.....rrn####...
###..###@# #
#g#######
#).......
#.####### .#. ##
##


You could see a necrophage, a gnoll and 2 quokkas.

Vanquished Creatures
  Sigmund (D:2)
  An ogre (D:4)
  2 necrophages
  A scorpion (D:4)
  3 hounds
  An orc priest (D:4)
  Jessica (D:2)
  2 orc wizards
  3 adders
  5 gnolls
  An ufetubus (D:4)
  A worm (D:4)
  3 dart slugs
  13 orcs
  6 ball pythons
  A bat zombie (D:5)
  11 endoplasms
  3 giant cockroaches
  2 goblins
  4 hobgoblins
  2 jackals (D:4)
  3 quokkas
  7 bats
  6 frilled lizards
  3 kobolds
86 creatures vanquished.

Notes
Turn   | Place    | Note
-------+----------+-------------------------------------------
     0 | D:1      | koil the Troll Berserker began the quest for the Orb.
     0 | D:1      | Reached XP level 1. HP: 22/22 MP: 0/0
   155 | D:1      | Reached XP level 2. HP: 29/29 MP: 1/1
   226 | D:1      | Found Oriqyqeq's Antique Weapon Shop.
   853 | D:2      | Noticed Jessica
   862 | D:2      | Killed Jessica
   863 | D:2      | Reached skill level 1 in Armour
   863 | D:2      | Reached XP level 3. HP: 20/36 MP: 2/2
   937 | D:2      | Noticed Sigmund
   957 | D:2      | HP: 7/36 [Sigmund/+0 scythe of pain (1)]
   962 | D:2      | Killed Sigmund
   963 | D:2      | Reached skill level 4 in Unarmed Combat
   963 | D:2      | Reached XP level 4. HP: 13/45 MP: 3/3
   963 | D:2      | Reached XP level 5. HP: 15/53 MP: 4/4
  1306 | D:3      | Reached XP level 6. HP: 59/61 MP: 5/5
  1408 | D:3      | Reached ** piety under Trog
  1431 | D:3      | Found a bloodstained altar of Trog.
  2049 | D:4      | Found a shimmering blue altar of Sif Muna.
  2107 | D:4      | Found Jevaw's Jewellery Shop.
  2151 | D:4      | Reached XP level 7. HP: 21/70 MP: 6/6
  2267 | D:4      | Reached *** piety under Trog
  2285 | D:4      | HP: 20/105 [orc/+2 trident of venom (2)]
  2290 | D:4      | HP: 14/105 [poisoned by an orc]
  2295 | D:4      | HP: 9/70 [poisoned by an orc]
  2708 | D:4      | Reached skill level 5 in Unarmed Combat
  2775 | D:5      | Entered Level 5 of the Dungeon
  2794 | D:5      | Noticed Eustachio
  2824 | D:5      | HP: 12/67 [gnoll/+0 whip (7)]
  2824 | D:5      | HP: 4/66 [necrophage (3)]
  2825 | D:5      | HP: 1/65 [quokka[Eustachio] (4)]
  2825 | D:5      | Slain by a gnoll

Illustrated notes

Levels and vault maps discovered:
D:1:      lightli_arrival_boilingwater, layout_basic, serial_shops, shop,
          minmay_door_square
D:2:      layout_rooms, uniq_jessica, uniq_sigmund
D:3:      layout_basic, trog_butcher_becter, moated_statue, cheibrodos_gnoll_hut
D:4:      minmay_recursive_quarters, layout_loops_cross, old_standard_altar,
          serial_shops, kennysheep_mini_moat
D:5:      minmay_bubble_buster, layout_loops_ring,
          lemuel_zombie_altar_kikubaaqudgha, uniq_eustachio

Skill      XL: |  1  2  3  4  5  6  7 |
---------------+----------------------+-----
Armour         | 1 2 3 |  3.2
Fighting       | 3 4 |  4.3
Dodging        | 3 4 |  4.2
Unarmed Combat | 4 5 |  5.1

Action                   |  1- 3 |  4- 6 |  7- 9 || total
-------------------------+-------+-------+-------++-------
Melee: Unarmed           |    93 |   114 |    79 ||   286
       Punch             |       |     3 |     2 ||     5
Invok: Berserk           |     1 |       |     2 ||     3
  Use: Potion            |       |       |     1 ||     1
 Stab: Sleeping          |     2 |     1 |       ||     3
Armor: Animal skin       |    31 |       |       ||    31
       Robe              |       |    38 |    61 ||    99
Dodge: Dodged            |    40 |    45 |    73 ||   158

Table legend: (Time is in decaauts)
 A = Elapsed time spent in this place.
 B = Non-inter-level travel time spent in this place.
 C = Inter-level travel time spent in this place.
 D = Time resting spent in this place.
 E = Time spent auto-exploring this place.
 F = Levels seen in this place.
 G = Mean time per level.
                   A        B        C        D        E       F      G
               +--------+--------+--------+--------+--------+-----+--------+
         Total |   2821 |   2726 |     95 |     62 |   2093 |   5 |  564.2 |
       Dungeon |   2821 |   2726 |     95 |     62 |   2093 |   5 |  564.2 |
               +--------+--------+--------+--------+--------+-----+--------+

Top non-repeatable levels by time:
     D:1: 851 daAuts
     D:4: 836 daAuts
     D:3: 640 daAuts
     D:2: 445 daAuts
     D:5: 46 daAuts
